 Dungeon Crawl Stone Soup version 0.24.0-1-gfbc8707122 (webtiles) character file.

Game seed: 15008448207095152221, levelgen mode: deterministic

95 theswoord the Slasher (level 4, -9/52 HPs)
             Began as a Demonspawn Fighter on Oct 28, 2019.
             Killed by divine providence
             ... invoked by an orc priest
              (15 damage)
             ... on level 3 of the Dungeon.
             The game lasted 00:02:42 (1860 turns).

theswoord the Slasher (Demonspawn Fighter)          Turns: 1860, Time: 00:02:42

Health: -9/52      AC:  7    Str: 21    XL:     4   Next: 39%
Magic:  4/4        EV:  9    Int:  9    God:
Gold:   96         SH:  0    Dex: 14    Spells: 3/3 levels left

rFire    . . .     SeeInvis .   a - +0 long sword
rCold    . . .     Gourm    .   (no shield)
rNeg     . . .     Faith    .   b - +1 scale mail
rPois    .         Spirit   .   (helmet restricted)
rElec    .         Reflect  .   (no cloak)
rCorr    .         Harm     .   (no gloves)
MR       .....                  (no boots)
Stlth    ..........             m - amulet of inaccuracy (curse)
HPRegen  0.17/turn              (no ring)
MPRegen  0.09/turn              (no ring)

@: berserking, very quick
A: antennae 2, rot immunity
a: no special abilities


You were on level 3 of the Dungeon.
You were not hungry.

You visited 1 branch of the dungeon, and saw 3 of its levels.

You collected 96 gold pieces.

Inventory:

Hand Weapons
 a - a +0 long sword (weapon)
Armour
 b - a +1 scale mail (worn)
 c - a +0 shield
Jewellery
 m - a cursed amulet of inaccuracy (around neck)
Scrolls
 e - a scroll of enchant armour
 p - a scroll of identify
Potions
 d - a potion of might
 h - a potion of mutation
 j - a potion of degeneration
 k - a potion of heal wounds {unknown}
 l - a potion of cancellation {unknown}
 n - a potion of flight {unknown}
 o - a potion of ambrosia {unknown}
 q - a potion of lignification {unknown}
Comestibles
 f - 6 rations
 g - 4 chunks of flesh


   Skills:
 - Level 3.0 Fighting
 + Level 4.3 Long Blades
 - Level 2.6 Armour
 - Level 2.6 Shields


You had 3 spell levels left.
You didn't know any spells.
Your spell library contained the following spells:

 Spells                   Type           Power        Failure   Level  Hunger
 Confusing Touch          Hex            #.....       73%         1    ##.....
 Confuse                  Hex            #.......     97%         3    ####...
 Gell's Gravitas          Tloc           #.........   97%         3    ####...
 Petrify                  Tmut/Erth      #.......     100%        4    #####..
 Metabolic Englaciation   Hex/Ice        #.........   100%        5    ######.
 Yara's Violent Unravell  Hex/Tmut       #.........   100%        5    ######.


Dungeon Overview and Level Annotations

Branches:
Dungeon (3/15)

Altars:


Innate Abilities, Weirdness & Mutations

You have a pair of antennae on your head.
You are immune to rotting.


Message History

The orc priest invokes the aid of Beogh against you.
Pain shoots through your body!
* * * LOW HITPOINT WARNING * * *
You miss the orc priest.
The orc priest is almost dead.
The orc hits you but does no damage. The orc priest barely misses you.
You riposte.
You closely miss the orc priest.
The orc priest is almost dead.
The orc hits you.
* * * LOW HITPOINT WARNING * * *
You hit the orc priest but do no damage.
The orc priest is almost dead.
The orc priest hits you with a +0 falchion of slicing.
* * * LOW HITPOINT WARNING * * *
x2 The orc hits you but does no damage.
A red film seems to cover your vision as you go berserk!
You feel yourself moving faster!
You feel mighty!
The orc priest calls down the wrath of Beogh upon you.
Beogh smites you!
You die...

... .... #..
.... .#####...
... ..........
..
.........##'####
...............#
.........oo....#
.........@.....#
...............#
...............#
...............#
.#######.......#
#.......#
###.(#### ##.#
#)######


You could see an orc priest and an orc.

Vanquished Creatures
  Jessica (D:2)
  An adder (D:2)
  An ooze (D:1)
  2 leopard geckos (D:1)
  4 orcs
  3 ball pythons
  9 goblins
  5 hobgoblins
  4 jackals (D:2)
  A quokka (D:2)
  3 bats
  3 frilled lizards (D:1)
  8 kobolds
  A rat (D:2)
46 creatures vanquished.

Notes
Turn   | Place    | Note
-------+----------+-------------------------------------------
     0 | D:1      | theswoord the Demonspawn Fighter began the quest for the
                  | Orb.
     0 | D:1      | Reached XP level 1. HP: 18/18 MP: 1/1
    48 | D:1      | Reached skill level 2 in Long Blades
   183 | D:1      | Gained mutation: You are immune to rotting. [demonic
                  | ancestry]
   183 | D:1      | Reached XP level 2. HP: 24/24 MP: 2/2
   580 | D:1      | Reached skill level 3 in Long Blades
   707 | D:1      | Gained mutation: You have a pair of small antennae on your
                  | head. [demonic ancestry]
   707 | D:1      | Reached XP level 3. HP: 29/29 MP: 3/3
   791 | D:2      | Noticed Jessica
   806 | D:2      | Killed Jessica
  1138 | D:2      | Found a faded altar of an unknown god.
  1147 | D:2      | Gained mutation: You have a pair of antennae on your head.
                  | [demonic ancestry]
  1147 | D:2      | Reached XP level 4. HP: 26/35 MP: 4/4
  1153 | D:2      | Reached skill level 4 in Long Blades
  1860 | D:3      | Killed from afar by an orc priest

Skill      XL: |  1  2  3  4 |
---------------+-------------+-----
Long Blades    | 2 3 4 |  4.3
Fighting       | |  3.0
Armour         | |  2.6
Shields        | |  2.6

Action                   |  1- 3 |  4- 6 || total
-------------------------+-------+-------++-------
Melee: Long sword        |    86 |    63 ||   149
       Unarmed           |     8 |       ||     8
  Use: Scroll            |     6 |     2 ||     8
       Potion            |       |     1 ||     1
  Eat: Chunk             |     1 |     2 ||     3
Armor: Scale mail        |    51 |    35 ||    86
Dodge: Dodged            |    61 |    32 ||    93
       Rpst.: Long sword |    15 |    10 ||    25

Levels and vault maps discovered:
D:1:      dpeg_arrival_rooms_b, layout_loops_corners, minmay_quantized
D:2:      layout_loops_corners, chequers_ecumenical_altar_island,
          minmay_misc_feat_rugged, st_stairs_14, uniq_jessica
D:3:      layout_basic, grunt_decor_resistance, kennysheep_big_empty_room
